 Dungeon Crawl Stone Soup version 0.31.0-9-g3a7656b989 (webtiles) character file.

Game seed: 7859828660514621171

7388 Bnni the Slicer (level 11, -2/60 HPs)
             Began as a Vine Stalker Fighter on Jan 29, 2024.
             Was the Champion of Uskayaw.
             Slain by an ice devil (10 damage)
             ... summoned by a kobold demonologist
             ... on level 10 of the Dungeon.
             The game lasted 00:10:47 (6701 turns).

Bnni the Slicer (Vine Stalker Fighter)              Turns: 6701, Time: 00:10:48

Health: -2/60      AC: 15    Str: 19      XL:     11   Next: 14%
Magic:  0/17       EV:  5    Int:  8      God:    Uskayaw [******]
Gold:   618        SH:  5    Dex: 17 (18) Spells: 10/10 levels left

rFire   + . .        M - +8 rapier of the Messenger {flame, rF+ Will+}
rCold   . . .        c - +0 buckler
rNeg    . . .        r - +0 plate armour
rPois   .            p - +0 helmet
rElec   .            H - +1 cloak
rCorr   .            (no gloves)
SInv    .            q - +0 pair of boots
Will    +++..        (no amulet) Stlth
                     J - ring of willpower
HPRegen 1.10/turn    (no ring)
MPRegen 0.15/turn

%: guardian spirit
@: no status effects
A: fangs 3, regeneration 1, magic shield, antimagic bite, no potion heal 2
a: Renounce Religion, Stomp, Line Pass, Grand Finale


You were on level 10 of the Dungeon.
You worshipped Uskayaw.
Uskayaw was noncommittal.
You visited 2 branches of the dungeon, and saw 11 of its levels.

You collected 618 gold pieces.

Inventory:

Hand Weapons
 K - a +3 scimitar of flaming
 M - the +8 rapier of the Messenger (weapon) {flame, rF+ Will+}
   (You found it on level 8 of the Dungeon)

   rF+:       It protects you from fire.
   Will+:     It increases your willpower.
Missiles
 h - 17 poisoned darts (quivered)
 D - a throwing net
Armour
 c - a +0 buckler (worn)
 p - a +0 helmet (worn)
 q - a +0 pair of boots (worn)
 r - a +0 plate armour (worn)
 y - a scarf of repulsion
 H - a +1 cloak (worn)
Jewellery
 G - a ring of fire
 J - a ring of willpower (left hand)
Wands
 A - a wand of iceblast (9)
 B - a wand of flame (11)
 C - a wand of polymorph (6)
 E - a wand of mindburst (19)
 I - a wand of quicksilver (22)
Scrolls
 a - 2 scrolls of poison
 f - a scroll of brand weapon {unknown}
 g - 2 scrolls of silence {unknown}
 i - 2 scrolls of noise
 l - 4 scrolls of teleportation {unknown}
 u - 2 scrolls of enchant weapon {unknown}
 v - 3 scrolls of amnesia
 F - a scroll of butterflies {unknown}
Potions
 d - a potion of might
 e - 2 potions of heal wounds {unknown}
 m - a potion of brilliance {unknown}
 n - a potion of magic
 o - 3 potions of haste
 s - 5 potions of curing
 t - 2 potions of resistance
 w - a potion of berserk rage {unknown}
 x - a potion of lignification {unknown}
 z - 2 potions of enlightenment {unknown}
 L - a potion of invisibility {unknown}


   Skills:
 + Level 7.9 Fighting
 * Level 10.7 Short Blades
 - Level 2.4 Armour
 + Level 6.3 Stealth
 - Level 4.0 Shields
 * Level 7.2 Invocations


You had 10 spell levels left.
You didn't know any spells.
Your spell library contained the following spells:

 Spells                   Type           Power      Damage    Failure   Level
 Foxfire                  Conj/Fire      0%         2x1d4     100%        1
 Sting                    Conj/Alch      0%         1d3       100%        1
 Summon Small Mammal      Summ           0%         N/A       100%        1
 Mercury Vapours          Alch/Air       0%         N/A       100%        2
 Call Canine Familiar     Summ           0%         N/A       100%        3
 Olgreb's Toxic Radiance  Alch           0%         N/A       100%        4
 Summon Blazeheart Golem  Fire/Summ      0%         N/A       100%        4
 Vhi's Electric Charge    Tloc/Air       0%         N/A       100%        4
 Arcjolt                  Conj/Air       0%         1d10      100%        5
 Plasma Beam              Fire/Air       0%         2x1d10    100%        6
 Starburst                Conj/Fire      0%         6d3       100%        6
 Maxwell's Capacitive Co  Air            0%         ∞         100%        8


Dungeon Overview and Level Annotations

Branches:
Dungeon (10/15)            Temple (1/1) D:6            Lair (0/5) D:9
    Orc: D:9-12

Altars:
Ashenzari
Cheibriados
Dithmenos
Elyvilon
Fedhas
Gozag
Hepliaklqana
Kikubaaqudgha
Makhleb
Nemelex Xobeh
Okawaru
Qazlal
Ru
Sif Muna
Trog
Uskayaw
Vehumet
Wu Jian
Yredelemnul
Zin
The Shining One


Innate Abilities, Weirdness & Mutations

You have razor-sharp teeth.
Your natural rate of healing is unusually fast.
When hurt, damage is shared between your health and your magic reserves.
Your bite disrupts and absorbs the magic of your enemies.
Potions cannot restore your health.


Message History

The kobold demonologist is severely wounded.
You block the ice devil's attack.
Unknown command.
You barely miss the kobold demonologist.
Your bite misses the kobold demonologist.
The kobold demonologist is severely wounded.
The quasit bites you but does no damage.
The quasit barely misses you.
The quasit claws you but does no damage.
The orc hits you but does no damage.
The kobold demonologist hits you but does no damage.
You block the shadow imp's attack. The ice devil hits you.
The ice devil freezes you!!
* * * LOW HITPOINT WARNING * * *
You hit the kobold demonologist. You burn the kobold demonologist.
The kobold demonologist is severely wounded.
You block the quasit's attack.
The quasit claws you but does no damage. x2
The kobold demonologist hits you but does no damage.
The orc hits you with a +0 hand axe.
* * * LOW HITPOINT WARNING * * *
You block the shadow imp's attack.
You hit the kobold demonologist. You burn the kobold demonologist.
The kobold demonologist is severely wounded.
The quasit bites you but does no damage.
The quasit claws you but does no damage.
The quasit closely misses you.
The ice devil hits you but does no damage.
The orc barely misses you.
The kobold demonologist hits you with a +0 dagger.
You barely miss the kobold demonologist.
You bite the kobold demonologist, but do no damage.
The kobold demonologist is severely wounded.
The shadow imp hits you but does no damage.
You block the quasit's attack. x2
The quasit claws you but does no damage.
The ice devil hits you!
* * * LOW HITPOINT WARNING * * *
The ice devil freezes you!
You die...

#.........
#.........
#....(....
#.######## #.#
.
#.###########..
#..............
#.......5......
#.....)@K5.....
#.....o45......
#..............
#..............
#....?.........
#.......?......
#..............
#..............


You could see an ice devil (summoned), a kobold demonologist, an iron imp
(summoned), a quasit (summoned), a shadow imp (summoned) and an orc.

Vanquished Creatures
  Erica (D:8)
  Pikel (D:4)
  Maurice (D:8)
  A kobold demonologist (D:10)
  Psyche (D:8)
  A troll (D:9)
  Prince Ribbit (D:8)
  Sigmund (D:6)
  A wyvern (D:9)
  2 wraiths (D:9)
  2 steam dragons (D:8)
  2 acid dragons
  2 water moccasins
  4 orc warriors
  An ice beast (D:7)
  4 black bears
  3 wolves (D:9)
  7 ogres
  A lemure (D:4)
  4 kobold brigands
  3 bullfrogs
  A scorpion (D:4)
  4 wights (D:8)
  11 killer bees (D:9)
  4 electric eels (D:9)
  A howler monkey (D:7)
  2 orc priests
  7 hounds
  2 gnoll boudas
  A sleepcap (D:8)
  4 orc wizards
  4 iguanas
  Robin (D:3)
  11 gnolls
  6 adders
  2 ufetubi (D:6)
  3 ribbon worms (D:2)
  4 dart slugs
  34 orcs
  8 endoplasms
  4 giant cockroaches
  19 goblins
  9 hobgoblins
  7 jackals
  15 kobolds
  A quokka (D:1)
  11 ball pythons
  8 bats
  5 frilled lizards
  3 rats
236 creatures vanquished.

Notes
Turn   | Place    | Note
-------+----------+-------------------------------------------
     0 | D:1      | Bnni the Vine Stalker Fighter began the quest for the Orb.
     0 | D:1      | Reached XP level 1. HP: 11/11 MP: 2/2
    74 | D:1      | Reached skill level 2 in Short Blades
    91 | D:1      | Reached XP level 2. HP: 16/16 MP: 3/3
   291 | D:1      | Reached XP level 3. HP: 19/19 MP: 2/4
   675 | D:2      | Reached XP level 4. HP: 19/24 MP: 5/5
   872 | D:2      | Found a faded altar of an unknown god.
  1219 | D:2      | Reached skill level 3 in Short Blades
  1297 | D:3      | Found a glowing golden altar of the Shining One.
  1333 | D:3      | Found an opulent altar of Gozag.
  1347 | D:3      | Reached XP level 5. HP: 27/28 MP: 6/6
  1356 | D:3      | Noticed Robin
  1381 | D:3      | Killed Robin
  1793 | D:3      | Found a basalt altar of Yredelemnul.
  2177 | D:4      | Noticed an ogre
  2353 | D:4      | Noticed a black bear
  2359 | D:4      | Reached skill level 4 in Short Blades
  2359 | D:4      | Reached XP level 6. HP: 33/33 MP: 7/7
  2368 | D:4      | Killed a black bear
  2439 | D:4      | Found a glowing silver altar of Zin.
  2485 | D:4      | Reached XP level 7. HP: 27/37 MP: 8/8
  2529 | D:4      | Reached skill level 5 in Short Blades
  2544 | D:4      | Found an ornate altar of the Wu Jian Council.
  2656 | D:4      | Noticed Pikel
  2680 | D:4      | Killed Pikel
  2681 | D:4      | Reached skill level 5 in Fighting
  2681 | D:4      | Reached skill level 7 in Short Blades
  2681 | D:4      | Gained mutation: You have razor-sharp teeth. [Vine Stalker
                  | growth]
  2681 | D:4      | Reached XP level 8. HP: 39/44 MP: 9/9
  3025 | D:5      | Entered Level 5 of the Dungeon
  3337 | D:5      | Found a burning altar of Makhleb.
  3601 | D:5      | Reached skill level 8 in Short Blades
  3770 | D:5      | Reached XP level 9. HP: 48/48 MP: 8/10
  4061 | D:6      | Found a staircase to the Ecumenical Temple.
  4142 | Temple   | Entered the Ecumenical Temple
  4148 | Temple   | Became a worshipper of Uskayaw the Reveller
  4190 | D:6      | Reached * piety under Uskayaw
  4199 | D:6      | Noticed Sigmund
  4205 | D:6      | Reached ** piety under Uskayaw
  4206 | D:6      | Killed Sigmund
  4207 | D:6      | Reached skill level 1 in Stealth
  4207 | D:6      | Reached skill level 1 in Invocations
  4321 | D:6      | Found a sacrificial altar of Ru.
  4504 | D:7      | Reached *** piety under Uskayaw
  4572 | D:7      | Reached **** piety under Uskayaw
  4923 | D:7      | Found a stormy altar of Qazlal.
  5065 | D:8      | Reached skill level 9 in Short Blades
  5152 | D:8      | Found a broken altar of Ashenzari.
  5152 | D:8      | Found a white marble altar of Elyvilon.
  5222 | D:8      | Noticed Maurice
  5223 | D:8      | Noticed Erica
  5237 | D:8      | Killed Erica
  5238 | D:8      | Reached XP level 10. HP: 36/55 MP: 12/14
  5241 | D:8      | Something stole a ring of fire
  5249 | D:8      | Reached ***** piety under Uskayaw
  5253 | D:8      | Killed Maurice
  5329 | D:8      | Noticed Prince Ribbit
  5343 | D:8      | Killed Prince Ribbit
  5344 | D:8      | Reached skill level 5 in Invocations
  5515 | D:8      | Noticed Psyche
  5557 | D:8      | Killed Psyche
  5631 | D:8      | Identified the +8 rapier of the Messenger {flame, rF+
                  | Will+}
  5827 | D:9      | Reached skill level 5 in Stealth
  5834 | D:9      | Reached skill level 10 in Short Blades
  5947 | D:9      | Found a staircase to the Lair.
  6145 | D:9      | Found a hazy altar of Hepliaklqana.
  6211 | D:9      | Reached XP level 11. HP: 56/59 MP: 17/17
  6630 | D:9      | Found a shimmering blue altar of Sif Muna.
  6650 | D:10     | Entered Level 10 of the Dungeon
  6696 | D:10     | Reached ****** piety under Uskayaw
  6701 | D:10     | Slain by an ice devil

Illustrated notes

Levels and vault maps discovered:
D:1:      dpeg_arrival_simpleton_b, layout_rooms
D:2:      layout_loops_cross, ebering_ecumenical_altar_box, grunt_ministairs_12,
          kennysheep_small_spiral
D:3:      layout_basic, amcnicky_altar_gilded, tso_metal_star,
          mainiacjoe_overflow_cross_hatched, uniq_robin
D:4:      layout_loops_ring, kennysheep_mini_moat, nicolae_wu_jian_wuxing_cycle,
          uniq_pikel
D:5:      layout_basic, mainiacjoe_overflow_surrounded_room
D:6:      layout_basic, mainiacjoe_overflow_boulevard, minmay_temple_entry_tees,
          uniq_sigmund
D:7:      layout_cave_pools, nicolae_qazlal_style_of_elements
D:8:      layout_gridville, jmf_multi_god_temple, hangedman_decor_riveting,
          uniq_maurice, uniq_psyche, uniq_erica, uniq_prince_ribbit1
D:9:      layout_loops_ring, worldfamousw_hep_ancestral_shrine, led_sif_pool,
          erik_lair_island
D:10:     layout_long_grid, mainiacjoe_overflow_paths, kennysheep_just_a_vault
Temple:   chequers_temple_sunken

Skill      XL: |  1  2  3  4  5  6  7  8  9 10 11 |
---------------+----------------------------------+-----
Short Blades   | 2 3 4 7 8 9 10 | 10.7
Shields        | 3 4 |  4.0
Fighting       | 3 4 5 6 7 |  7.9
Stealth        | 4 5 6 |  6.3
Invocations    | 4 6 7 |  7.2
Armour         | |  2.4

Action                     |  1- 3 |  4- 6 |  7- 9 | 10-12 || total
---------------------------+-------+-------+-------+-------++-------
  Melee: Rapier            |    86 |       |       |   124 ||   210
         Bite              |    24 |    54 |   110 |    60 ||   248
         Short sword       |    21 |   148 |   301 |    53 ||   523
         Dagger            |    17 |    26 |       |       ||    43
         Scimitar          |       |       |       |     8 ||     8
  Throw: Dart              |       |     1 |    11 |     7 ||    19
  Evoke: Wand              |       |       |       |     6 ||     6
    Use: Scroll            |       |       |       |     7 ||     7
   Stab: Paralysed         |       |       |     3 |    11 ||    14
 Armour: Scale mail        |    24 |       |       |       ||    24
         Chain mail        |    72 |    69 |       |       ||   141
         Plate armour      |       |    42 |   226 |   183 ||   451
  Dodge: Dodged            |    50 |    40 |    44 |    40 ||   174
  Block: Buckler           |    41 |    27 |    53 |    53 ||   174
